 Dungeon Crawl Stone Soup version 0.19-a0-2076-g12f1bb4 (console) character file.

34695 shpingle the Geomancer (level 13, -18/94 HPs)
             Began as a White Draconian Earth Elementalist on Feb 3, 2017.
             Was an Initiate of Gozag.
             Demolished by an orc knight
             ... wielding a +0 battleaxe
              (26 damage)
             ... on level 1 of the Orcish Mines.
             The game lasted 02:43:31 (15809 turns).

shpingle the Geomancer (DrEE)                      Turns: 15809, Time: 02:43:32

Health: -18/94     AC: 11 (0%)Str: 16   XL:     13   Next: 43%
Magic:  13/24      EV: 26    Int: 30    God:    Gozag
Gold:   707        SH:  0    Dex: 18    Spells: 5/27 levels left

rFire    + . .     SeeInvis .   b - +4 Vampire's Tooth {vamp}
rCold    + + .     Faith    .   (armour unavailable)
rNeg     . . .     Spirit   .   (no shield)
rPois    +         Reflect  .   (helmet restricted)
rElec    +                      (no cloak)
rCorr    +                      u - +2 pair of gloves
MR       .....                  (no boots)
Stlth    +++++.....             p - amulet of magic regeneration
Regen    0.3/turn               Q - +2 ring of evasion
                                i - +6 ring of intelligence

@: mighty, brilliant, agile, resistant, gold aura, very slightly contaminated,
hasted, very quick
A: breathe frost, unfitting armour, horns 1, cold resistance 1, frail 1,
evolution 1, cold-blooded, AC +8
a: Breathe Frost, Potion Petition, Call Merchant, Bribe Branch, Renounce
Religion


You were on level 1 of the Orcish Mines.
You worshipped Gozag.
Gozag was pleased with you.
You were not hungry.

You visited 2 branches of the dungeon, and saw 16 of its levels.

You collected 4138 gold pieces.
You spent 1485 gold pieces at shops.
You paid 1946 gold pieces to Gozag.

Inventory:

Hand Weapons
 a - the +3 Elemental Staff {rElec rF++ rC++ MR++ AC+5}
   (You bought it in a shop on level 9 of the Dungeon)

   It affects your AC (+5).
   It greatly protects you from fire.
   It greatly protects you from cold.
   It insulates you from electricity.
   It affects your resistance to hostile enchantments.
 b - the +4 Vampire's Tooth (weapon) {vamp}
   (You found it on level 5 of the Dungeon)

   It inflicts no extra harm, but heals its wielder somewhat when it strikes a
   living foe.
 X - a +0 rapier of holy wrath
Missiles
 j - 173 tomahawks {playing console O:}
 k - 18 javelins (quivered) {playing console :D}
 I - 3 stones {playing console ^_^}
Armour
 u - a +2 pair of gloves (worn)
Magical Staves
 q - an uncursed staff of cold
Jewellery
 i - a +6 ring of intelligence (left hand)
 p - an amulet of magic regeneration (around neck)
 r - an uncursed ring of poison resistance
 z - an uncursed ring of flight
 B - an uncursed ring of positive energy
 E - an uncursed amulet of rage
 F - an uncursed ring of see invisible
 Q - a +2 ring of evasion (right hand)
Wands
 y - a wand of flame (10)
 K - a wand of iceblast (7)
 W - a wand of polymorph (5)
Scrolls
 h - a scroll of enchant armour
 s - 3 scrolls of enchant weapon
 t - 4 scrolls of recharging
 v - a scroll of brand weapon
 x - a scroll of magic mapping
 C - a scroll of vulnerability
 L - 2 scrolls of amnesia
Potions
 g - 3 potions of haste
 n - 3 potions of flight
 D - 2 potions of cancellation
 M - 3 potions of lignification
 O - 2 potions of brilliance
 S - a potion of berserk rage
 T - a potion of agility
Miscellaneous
 G - a fan of gales (inert)


   Skills:
 - Level 7.0 Fighting
 - Level 5.1 Short Blades
 - Level 0.4(4.4) Polearms
 + Level 7.1 Staves
 * Level 8.7 Dodging
 + Level 9.5 Stealth
 + Level 7.9 Spellcasting
 - Level 3.0 Conjurations
 - Level 5.1 Hexes
 + Level 5.9 Transmutations
 + Level 11.0 Earth Magic


You had 5 spell levels left.
You knew the following spells:

 Your Spells              Type           Power        Failure   Level  Hunger
a - Sandblast             Erth           50 (50)      1%          1    None
b - Passwall              Tmut/Erth      68 (200)     1%          2    None
c - Stone Arrow           Conj/Erth      50 (50)      1%          3    None
d - Petrify               Tmut/Erth      68 (100)     1%          4    #......
e - Lee's Rapid Deconstr  Erth           77 (200)     1%          5    ####...
f - Dazzling Spray        Conj/Hex       50 (50)      1%          3    None
g - Fulminant Prism       Conj/Hex       52 (200)     1%          4    #......


Dungeon Overview and Level Annotations

Branches:
Dungeon (14/15)            Temple (0/1) D:7           Swamp (0/3) D:14
    Orc (2/2) D:10
   Lair: D:-1         Snake: D:13-14     Spider: D:13-14      Crypt: Vaults:-1
   Tomb: Vaults:-1

Altars:
Gozag
Kikubaaqudgha
Makhleb
Yredelemnul

Shops:
D:9 (   D:12 !

Annotations:
D:8 exclusion: slave
D:13 exclusion: downstairs
D:14 Louise


Innate Abilities, Weirdness & Mutations

You can breathe waves of freezing cold.
You can buffet flying creatures when you breathe cold.
Your icy white scales are hard. (AC +8)
Your body does not fit into most forms of armour.
Your flesh is cold resistant. (rC+)
You are cold-blooded and may be slowed by cold attacks.
You have a pair of small horns on your head.
You are frail. (-10% HP)
You evolve.


Message History

The orc wizard flickers and vanishes!
As you read the scroll of holy word, it crumbles to dust.
You speak a Word of immense power!
Something barely misses you. The orc completely misses you.
The orc is distracted by the nearby gold. x2
The orc misses you.
The orc wizard mumbles some strange words.
The orc wizard blinks!
The orc warrior shouts!
Okay, then.
The orc shouts! x2
You hit the orc wizard (6). Your headbutt misses the orc wizard.
The orc wizard is heavily wounded.
The ettin is no longer blind.
The orc is no longer distracted by gold. x2
The orc warrior is distracted by the nearby gold.
The orc is distracted by the nearby gold. x2
The orc knight hits you with a +0 battleaxe (26)!!
You die...
Your body crumbles into a pile of gold.

..............$....
.█......$...$......
........$..$$$...$█
$
..........§>.......
...██....o.o.......
█..o█ooo.......
..██...C{........
.........$oo......
$
██.██.o.oo@....$..
█ ███.█.█..██..█


████████ ███ You could see an orc knight, an ettin, 3 orc warriors, an orc
priest, an orc wizard and 5 orcs.

Vanquished Creatures
  Erolcha (D:10)
  A hydra (D:13)
  3 two-headed ogres
  5 orc high priests
  5 orc knights
  Pikel (D:8)
  2 ugly things
  2 cyclopes
  6 orc sorcerers
  2 deep elf magi
  A black mamba (shapeshifter) (D:13)
  3 spiny frogs
  2 rime drakes
  A gargoyle (D:10)
  8 trolls
  Grinder (D:3)
  Prince Ribbit (D:7)
  4 blink frogs (D:13)
  A black mamba zombie (D:10)
  2 shadows
  5 wyverns
  Sigmund (D:2)
  4 wraiths
  9 yaks
  3 angry ghosts
  4 wargs
  2 water moccasins
  34 orc warriors
  A spiny frog skeleton (D:11)
  A black bear (D:9)
  A wasp (D:12)
  3 ice beasts
  12 ogres
  2 blink frog zombies
  4 centaurs
  A rime drake zombie (D:10)
  2 bullfrogs
  A wyvern zombie (D:10)
  3 water moccasin zombies
  4 wyvern skeletons
  2 troll zombies (D:10)
  6 scorpions
  5 killer bees (D:7)
  23 wights
  2 vampire bats (D:5)
  A howler monkey (D:3)
  2 centaur zombies
  4 crimson imps
  A bullfrog zombie (D:7)
  3 hounds
  A wasp zombie (D:6)
  A quasit (D:4)
  14 orc priests
  A bullfrog skeleton (D:6)
  A gnoll shaman (D:8)
  3 jellies
  28 orc wizards
  2 iguanas
  A worker ant (D:6)
  A killer bee zombie (D:10)
  6 ogre zombies (D:10)
  A hound skeleton (D:7)
  Robin (D:3)
  14 gnolls
  7 adders
  2 oozes
  3 dart slugs (D:1)
  A leopard gecko (D:3)
  68 orcs
  A ball python (D:5)
  15 bats
  7 giant cockroaches
  16 goblins
  13 hobgoblins
  6 jackals
  9 kobolds
  5 quokkas
  5 frilled lizards
  3 goblin zombies (D:10)
  3 hobgoblin skeletons (D:10)
  A hobgoblin zombie (D:10)
  6 orc skeletons (D:10)
  12 orc zombies (D:10)
  3 rats
  A spectral orc (D:9)
460 creatures vanquished.

Vanquished Creatures (collateral kills)
  An orc warlord (Orc:1)
  A two-headed ogre (Orc:1)
  A troll (Orc:2)
  An orc warrior (Orc:2)
  An orc priest (Orc:1)
  An orc wizard (Orc:2)
  2 orcs
8 creatures vanquished.

Vanquished Creatures (others)
  3 slaves (D:8)
  A wight (D:8)
  An orc wizard (Orc:1)
5 creatures vanquished.

Grand Total: 473 creatures vanquished

Notes
Turn   | Place    | Note
-------+----------+-------------------------------------------
     0 | D:1      | shpingle the Draconian Earth Elementalist began the quest for the Orb.
     0 | D:1      | Reached XP level 1. HP: 14/14 MP: 3/3
   209 | D:1      | Reached XP level 2. HP: 19/20 MP: 0/5
   590 | D:1      | Reached XP level 3. HP: 27/27 MP: 2/6
   821 | D:2      | Reached skill level 4 in Earth Magic
   847 | D:2      | Reached XP level 4. HP: 25/35 MP: 0/7
  1043 | D:2      | Learned a level 2 spell: Passwall
  1047 | D:2      | Learned a level 3 spell: Stone Arrow
  1152 | D:2      | Noticed Sigmund
  1159 | D:2      | Killed Sigmund
  1159 | D:2      | Reached XP level 5. HP: 21/42 MP: 1/8
  1505 | D:2      | Reached XP level 6. HP: 50/50 MP: 6/9
  1624 | D:2      | Found a burning altar of Makhleb.
  1933 | D:2      | Reached skill level 3 in Stealth
  2098 | D:3      | Found an opulent altar of Gozag.
  2284 | D:3      | Noticed Robin
  2292 | D:3      | Killed Robin
  2797 | D:3      | Reached skill level 3 in Dodging
  2801 | D:3      | Reached skill level 5 in Earth Magic
  2921 | D:3      | Noticed Grinder
  3379 | D:3      | Paralysed by Grinder for 6 turns
  3389 | D:3      | Killed Grinder
  3389 | D:3      | Reached skill level 3 in Fighting
  3389 | D:3      | Your scales start taking on an icy white colour.
  3389 | D:3      | Reached XP level 7. HP: 40/57 MP: 7/10
  3389 | D:3      | Gained mutation: Your flesh is cold resistant. (rC+) [White Draconian growth]
  3583 | D:3      | Became a worshipper of Gozag Ym Sagoz the Greedy
  3790 | D:4      | Reached skill level 3 in Conjurations
  3796 | D:4      | Learned a level 4 spell: Petrify
  3831 | D:4      | Reached XP level 8. HP: 66/66 MP: 9/11
  3844 | D:4      | Reached skill level 3 in Transmutations
  3929 | D:4      | Reached skill level 6 in Earth Magic
  3995 | D:5      | Entered Level 5 of the Dungeon
  4376 | D:5      | Reached skill level 3 in Spellcasting
  5167 | D:6      | Found an ancient bone altar of Kikubaaqudgha.
  5520 | D:6      | Reached XP level 9. HP: 26/71 MP: 7/14
  5882 | D:7      | Reached skill level 3 in Short Blades
  6139 | D:8      | Noticed Pikel
  6146 | D:8      | Killed Pikel
  6146 | D:8      | Reached skill level 7 in Earth Magic
  6269 | D:8      | Reached skill level 6 in Stealth
  6551 | D:8      | Reached skill level 8 in Earth Magic
  6551 | D:8      | Reached XP level 10. HP: 78/78 MP: 8/17
  7004 | D:8      | Learned a level 5 spell: Lee's Rapid Deconstruction
  7200 | D:9      | Found Mihelaep's Weapon Boutique.
  7240 | D:9      | Found a basalt altar of Yredelemnul.
  7438 | D:9      | Bought the +3 Elemental Staff {rElec rF++ rC++ MR++ AC+5} for 1233 gold pieces
  7514 | D:9      | Noticed a two-headed ogre
  7524 | D:9      | Killed a two-headed ogre
  7670 | D:9      | Reached skill level 9 in Earth Magic
  7750 | D:9      | Identified Juotz's Reference Book on Hurtful Flames (You found it on level 9 of the Dungeon)
  7755 | D:9      | Learned a level 3 spell: Dazzling Spray
  7953 | D:10     | Entered Level 10 of the Dungeon
  8126 | D:10     | Reached skill level 6 in Dodging
  8151 | D:10     | Found a staircase to the Orcish Mines.
  8420 | D:10     | Gained mutation: You evolve. [potion of mutation]
  8420 | D:10     | Gained mutation: You have a pair of small horns on your head. [potion of mutation]
  8420 | D:10     | Gained mutation: You are frail. (-10% HP) [potion of mutation]
  8458 | D:10     | Noticed Erolcha
  8477 | D:10     | Killed Erolcha
  8477 | D:10     | Reached XP level 11. HP: 58/75 MP: 4/19
  9020 | D:10     | Reached skill level 3 in Staves
  9962 | D:7      | Noticed Prince Ribbit
  9968 | D:7      | Killed Prince Ribbit
  9968 | D:7      | Reached skill level 6 in Spellcasting
 10037 | D:7      | Found a staircase to the Ecumenical Temple.
 10961 | D:11     | Noticed a deep elf mage
 10970 | D:11     | Killed a deep elf mage
 11039 | D:11     | Learned a level 4 spell: Fulminant Prism
 11637 | D:12     | Noticed a brown ugly thing
 11647 | D:12     | Killed a brown ugly thing
 11647 | D:12     | Reached skill level 3 in Hexes
 11674 | D:12     | Noticed a two-headed ogre
 11684 | D:12     | Killed a two-headed ogre
 11705 | D:12     | Noticed a deep elf mage
 11711 | D:12     | Killed a deep elf mage
 11711 | D:12     | Reached skill level 10 in Earth Magic
 11911 | D:12     | Noticed an orc high priest
 11950 | D:12     | Reached XP level 12. HP: 81/84 MP: 16/21
 11964 | D:12     | Bought a potion of agility for 56 gold pieces
 11964 | D:12     | Bought a potion of heal wounds for 70 gold pieces
 11964 | D:12     | Bought a potion of berserk rage for 70 gold pieces
 11964 | D:12     | Bought a potion of agility for 56 gold pieces
 12011 | D:12     | Killed an orc high priest
 12561 | D:13     | Noticed a seven-headed hydra
 12573 | D:13     | Killed a seven-headed hydra
 13016 | D:14     | Found a staircase to the Swamp.
 13076 | D:14     | Noticed an orc high priest
 13295 | D:14     | Killed an orc high priest
 13295 | D:14     | Reached skill level 6 in Fighting
 13295 | D:14     | Reached skill level 6 in Staves
 13525 | D:14     | Reached skill level 9 in Stealth
 13676 | D:14     | Noticed Louise
 13800 | Orc:1    | Entered Level 1 of the Orcish Mines
 13803 | Orc:1    | Noticed an orc warlord
 13812 | Orc:1    | Noticed a two-headed ogre
 14190 | Orc:2    | Entered Level 2 of the Orcish Mines
 14481 | Orc:2    | Noticed a two-headed ogre
 14510 | Orc:2    | Killed a two-headed ogre
 14735 | Orc:2    | Noticed an orc high priest
 14746 | Orc:2    | Killed an orc high priest
 14750 | Orc:2    | Noticed an orc high priest
 14755 | Orc:2    | Reached XP level 13. HP: 30/93 MP: 6/24
 14848 | Orc:2    | Paralysed by an orc sorcerer for 5 turns
 14923 | Orc:1    | Killed an orc warlord
 15603 | Orc:2    | Reached skill level 11 in Earth Magic
 15782 | Orc:1    | Noticed an ettin
 15809 | Orc:1    | Demolished by an orc knight

Vault maps used:
D:1:      onia_arrival_mini_spirals, hex_medium, minmay_misc_feat_pillars
D:2:      marbit_many_paths, minmay_randomly_rotated_circles, uniq_sigmund
D:3:      grunt_gozag_statues, serial_park_tiny_2, uniq_grinder, uniq_robin
D:5:      first_bread, serial_co_window_serial, co_window_of_opportunity_a,
          co_window_cross_1, co_window_paths_a, co_window_paths_b,
          co_window_corner_a, co_window_paths_a, co_window_paths_a,
          co_window_corner_b, co_window_cross_2, co_window_corner_b,
          co_window_2corner, co_window_cross_4, co_window_unsneaky_path_c,
          co_window_of_opportunity_b, glass_columns_b, minivault_23,
          minmay_misc_feat_x, minmay_guarded_unrand_vampires_tooth
D:6:      kennysheep_mini_moat
D:7:      minmay_temple_entry_grid, uniq_prince_ribbit1
D:8:      grunt_ogre_cave, uniq_pikel
D:9:      yredelemnul_forgotten_temple_becter, serial_shops, shop_fountains,
          minmay_misc_feat_tiny
D:10:     zombieorc2_lemuel, wad_rectangle_vault, uniq_erolcha
D:14:     swamp_mist_pool, lemuel_crystal_altar, nicolae_transmutations_shop,
          uniq_roxanne, uniq_frances, uniq_nessos, uniq_louise
Orc:1:    special_room
Orc:2:    st_orc_elflike, minmay_orc_keep

Skill      XL: |  1  2  3  4  5  6  7  8  9 10 11 12 13 |
---------------+----------------------------------------+-----
Stealth        | 2 3 4 6 7 8 9 |  9.5
Dodging        | 2 3 4 5 6 7 8 |  8.7
Earth Magic    | 4 5 6 8 9 10 11 | 11.0
Fighting       | 1 2 3 4 5 6 7 |  7.0
Conjurations   | 1 2 3 |  3.0
Transmutations | 2 3 4 5 |  5.9
Spellcasting   | 3 4 5 6 7 |  7.9
Short Blades   | 2 4 5 |  5.1
Staves         | 2 5 6 7 |  7.1
Hexes          | 1 3 4 5 |  5.1
Polearms       | |  0.4

Action                   |  1- 3 |  4- 6 |  7- 9 | 10-12 | 13-15 || total
-------------------------+-------+-------+-------+-------+-------++-------
Melee: Whip              |     4 |       |       |       |       ||     4
       Halberd           |       |     7 |     4 |       |       ||    11
       Dagger            |       |       |    71 |   187 |    67 ||   325
       Tailslap          |       |       |     3 |    53 |    16 ||    72
       Staff             |       |       |       |   143 |    27 ||   170
       Headbutt          |       |       |       |    54 |    15 ||    69
Throw: Tomahawk          |     7 |     1 |       |    16 |       ||    24
       Stone             |     1 |       |       |       |       ||     1
       Javelin           |       |    25 |    50 |    20 |     1 ||    96
 Cast: Sandblast         |    43 |    72 |   110 |   171 |     2 ||   398
       Stone Arrow       |       |     4 |    31 |    50 |     9 ||    94
       Petrify           |       |       |    12 |   157 |    36 ||   205
       Lee's Rapid Decon |       |       |       |    41 |     6 ||    47
       Dazzling Spray    |       |       |       |     9 |     6 ||    15
Invok: Call Merchant     |       |       |       |     1 |       ||     1
       Potion Petition   |       |       |       |       |     2 ||     2
Evoke: Wand              |       |       |       |       |     3 ||     3
       Fan of gales      |       |       |       |       |     1 ||     1
  Use: Potion            |     2 |       |       |     7 |     5 ||    14
       Scroll            |       |       |       |     6 |     7 ||    13
 Stab: Sleeping          |     1 |     2 |     7 |     8 |       ||    18
       Petrified         |       |       |    18 |   125 |    27 ||   170
       Petrifying        |       |       |     2 |    10 |     2 ||    14
       Invisible         |       |       |       |     1 |     1 ||     2
Armor: Skin              |     3 |     4 |    38 |    76 |    14 ||   135
Dodge: Dodged            |    18 |    19 |    72 |   257 |   119 ||   485
